 Dungeon Crawl Stone Soup version 0.29-a0-284-gf9362112df (webtiles) character file.

Game seed: 1437550876872698100

361 RatsInWalls the Conjurer (level 6, -1/54 HPs)
             Began as a Tengu Conjurer on Apr 1, 2022.
             Slain by a hornet (8 damage)
             ... on level 4 of the Dungeon.
             The game lasted 00:15:13 (3832 turns).

RatsInWalls the Conjurer (Tengu Conjurer)           Turns: 3832, Time: 00:15:14

Health: -1/54      AC: 23    Str:  7    XL:     6   Next: 66%
Magic:  6/11       EV:  2    Int: 21    God:
Gold:   119        SH:  0    Dex: 12    Spells: 4/11 levels left

rFire   . . .      SeeInvis .   d - +1 club
rCold   . . .      Faith    .   (no shield)
rNeg    . . .      Spirit   .   (body armour currently unavailable)
rPois   +          Reflect  .   (helmet currently unavailable)
rElec   .          Harm     .   (cloak currently unavailable)
rCorr   .          Rampage  .   (gloves currently unavailable)
Will    .....      NoTele   +   (boots unavailable)
Stlth   ++........              (no amulet)
HPRegen 0.18/turn               (no ring)
MPRegen 0.12/turn               (no ring)

@: mighty, lethally poisoned (-1 -> -6), tree-form, hasted and slowed
A: stationary, stasis, torment immunity, boosted hp, (beak), (talons 3), nimble
flight
a: no special abilities


You were on level 4 of the Dungeon.
You were a tree.
You visited 1 branch of the dungeon, and saw 4 of its levels.
You also visited: Sewer.

You collected 119 gold pieces.

Inventory:

Hand Weapons
 d - a +1 club (weapon)
Armour
 a - a +0 robe (melded)
 h - a +1 cloak (melded)
Scrolls
 f - a scroll of enchant weapon
 i - 6 scrolls of teleportation
Potions
 b - a potion of magic
 l - a potion of degeneration {unknown}
 n - a potion of heal wounds {unknown}
 t - a potion of brilliance


   Skills:
 + Level 2.5 Fighting
 + Level 3.8 Dodging
 - Level 3.4 Stealth
 + Level 3.2 Spellcasting
 + Level 6.5 Conjurations
 + Level 0.8 Ice Magic


You had 4 spell levels left.
You knew the following spells:

 Your Spells              Type           Power      Damage    Failure   Level
a - Magic Dart            Conj           100%       1d8       1%          1
b - Searing Ray           Conj           62%        2d6       1%          2
c - Hailstorm             Conj/Ice       19%        3d6       28%         4

Your spell library contained the following spells:

 Spells                   Type           Power      Damage    Failure   Level
 Freeze                   Ice            24%        1d5       10%         1
 Dazzling Flash           Conj/Hex       34%        N/A       10%         3
 Frozen Ramparts          Ice            12%        1d3       28%         3
 Fulminant Prism          Conj/Hex       8%         3d7       32%         4
 Iskenderun's Mystic Bla  Conj/Tloc      17%        2d5       32%         4


Dungeon Overview and Level Annotations

Branches:
Dungeon (4/15)              Sewer (visited)
 Temple: D:4-7

Altars:

Shops:
D:2 (

Annotations:
D:2 Sigmund


Innate Abilities, Weirdness & Mutations

You are a tree.
Your roots penetrate the ground, keeping you stationary.
You cannot be teleported.
You are immune to unholy pain and torment.
Your maximum health is greatly increased.
Your equipment is partially melded.
((You have a beak for a mouth.))
((You have claws for feet.))
Your magical nature lets you fly swiftly and evasively.


Message History

Unknown command.
The searing ray hits the hornet!
The hornet is heavily wounded.
The searing ray hits the hornet.
The hornet is heavily wounded.
The hornet stings you!
You feel yourself slow down. The hornet stings you.
You are poisoned.
You feel as though you will be slow longer.
The searing ray hits the hornet.
The hornet is severely wounded.
You finish channelling your searing ray.
You feel very sick. The hornet stings you!
* * * LOW HITPOINT WARNING * * *
You feel as though you will be slow longer.
An orc comes into view. It is wielding a +0 club.
The hornet closely misses you.
The orc moves out of view.
You feel better. The hornet barely misses you. The hornet stings you.
* * * LOW HITPOINT WARNING * * *
You are lethally poisoned!
You feel as though you will be slow longer.
Unknown command.
Really quaff the potion of lignification?
You turn into a tree.
Your +1 cloak melds into your body.
Your +0 robe melds into your body.
Your roots penetrate the ground.
* * * LOW HITPOINT WARNING * * *
You feel very sick.
The hornet stings you but does no damage. x2
Unknown command.
It was a potion of might.
You feel very mighty all of a sudden.
* * * LOW HITPOINT WARNING * * *
You feel very sick.
The hornet stings you but does no damage.
The hornet completely misses you.
The hornet stings you but does no damage.
It was a potion of haste.
You feel yourself speed up.
You feel sick.
The hornet stings you but does no damage.
The hornet stings you!
You die...

.#..## #.......#### .... ...
##.###...... ...... . #..
#..###..#### ...... .. ..#
##.....# #..... ... ..#
###.##..### .........)...#..
#...>...... ..........).....
#....#...###
!........#...#y######........#
#.........y..#♣...(......#..#
+......................(##....
#.......................# .###
#..........###..........#
#<................##
#.......#...##.........#
#.......# ..##..........#
##....#.. .(.......... #.....
...


You could see a hornet.

Vanquished Creatures
  A water moccasin (Sewer)
  A hound (D:4)
  Terence (D:3)
  5 adders
  2 dart slugs (D:2)
  An orc (D:3)
  An endoplasm (D:3)
  7 giant cockroaches
  6 hobgoblins
  11 jackals
  4 kobolds
  3 quokkas
  9 ball pythons
  5 bats
  4 frilled lizards
  5 goblins
  4 rats
70 creatures vanquished.

Vanquished Creatures (collateral kills)
  A phantom (D:4)
1 creature vanquished.

Vanquished Creatures (others)
  A demonic plant (D:1)
1 creature vanquished.

Grand Total: 72 creatures vanquished

Notes
Turn   | Place    | Note
-------+----------+-------------------------------------------
     0 | D:1      | RatsInWalls the Tengu Conjurer began the quest for the Orb.
     0 | D:1      | Reached XP level 1. HP: 10/10 MP: 4/4
     9 | D:1      | Noticed a centaur
   167 | D:1      | Reached XP level 2. HP: 16/16 MP: 1/6
   544 | D:1      | Found a faded altar of an unknown god.
   742 | D:1      | Reached XP level 3. HP: 20/20 MP: 2/7
   797 | D:1      | Learned a level 2 spell: Searing Ray
  1266 | D:2      | Reached skill level 1 in Fighting
  1578 | D:2      | Found Udiadghoeh's Weapon Shop.
  1795 | D:2      | Noticed Sigmund
  1896 | D:3      | Reached XP level 4. HP: 25/25 MP: 5/8
  2042 | D:3      | Noticed Terence
  2055 | D:3      | Killed Terence
  2368 | D:3      | Learned a level 4 spell: Hailstorm
  2399 | D:3      | Found a glowing drain.
  2409 | Sewer    | Entered a sewer
  2471 | Sewer    | Gained mutation: Your magical nature lets you fly swiftly
                  | and evasively. [Tengu growth]
  2471 | Sewer    | Reached XP level 5. HP: 29/29 MP: 4/10
  2613 | Sewer    | Noticed a water moccasin
  2622 | Sewer    | Killed a water moccasin
  2623 | Sewer    | Reached skill level 6 in Conjurations
  2623 | Sewer    | Reached XP level 6. HP: 24/35 MP: 1/11
  3457 | D:4      | Noticed a hornet
  3832 | D:4      | Slain by a hornet

Illustrated notes

Levels and vault maps discovered:
D:1:      evilmike_arrival_come_back, layout_basic, shapermc_ecumenical_altar_gd
D:2:      layout_basic, serial_shops, shop, uniq_sigmund
D:3:      layout_loops_cross, portal_sewer_entry_b, uniq_terence
D:4:      layout_rooms, minmay_temple_entry_poolview,
          nicolae_ossuary_entry_catacombs, minmay_increasing_density

Skill      XL: |  1  2  3  4  5 |
---------------+----------------+-----
Fighting       | 1 2 |  2.5
Dodging        | 3 |  3.8
Stealth        | 3 |  3.4
Spellcasting   | 3 |  3.2
Conjurations   | 6 |  6.5
Ice Magic      | |  0.8

Action                   |  1- 3 |  4- 6 || total
-------------------------+-------+-------++-------
Melee: Club              |     1 |     7 ||     8
 Cast: Magic Dart        |    66 |    48 ||   114
       Searing Ray       |     5 |    12 ||    17
  Use: Potion            |       |     5 ||     5
       Scroll            |       |    11 ||    11
Armor: Robe              |     1 |     4 ||     5
       Skin              |       |    10 ||    10
Dodge: Dodged            |    12 |    28 ||    40

Table legend: (Time is in decaauts)
 A = Elapsed time spent in this place.
 B = Non-inter-level travel time spent in this place.
 C = Inter-level travel time spent in this place.
 D = Time resting spent in this place.
 E = Time spent auto-exploring this place.
 F = Levels seen in this place.
 G = Mean time per level.
                   A        B        C        D        E       F      G
               +--------+--------+--------+--------+--------+-----+--------+
         Total |   3781 |   3631 |    150 |    693 |   2519 |   5 |  756.2 |
       Dungeon |   3327 |   3177 |    150 |    366 |   2444 |   4 |  831.8 |
         Sewer |    454 |    454 |      0 |    327 |     75 |   1 |  454.0 |
               +--------+--------+--------+--------+--------+-----+--------+

Top non-repeatable levels by time:
     D:1: 1210 daAuts
     D:3: 1080 daAuts
     D:2: 680 daAuts
   Sewer: 454 daAuts
     D:4: 356 daAuts
